 Dungeon Crawl Stone Soup version 0.26.1-10-gdfb7c7de75 (webtiles) character file.

Game seed: 10154581626799680254

728 oldmanjim the Ruffian (level 7, -2/61 HPs)
             Began as a Green Draconian Transmuter on Apr 7, 2021.
             Was a Believer of Okawaru.
             Killed from afar by a white imp (7 damage)
             ... with a puff of frost
             ... on level 5 of the Dungeon.
             The game lasted 00:43:37 (6155 turns).

oldmanjim the Ruffian (Green Draconian Transmuter)  Turns: 6155, Time: 00:43:39

Health: -2/61      AC:  2    Str: 12    XL:     7   Next: 44%
Magic:  6/10       EV: 19    Int: 16    God:    Okawaru [**....]
Gold:   268        SH:  0    Dex: 16    Spells: 6/10 levels left

rFire    . . .     SeeInvis .     - Unarmed
rCold    . . .     Faith    .   (shield currently unavailable)
rNeg     . . .     Spirit   .   (armour unavailable)
rPois    x         Reflect  .   (helmet currently unavailable)
rElec    .         Harm     .   (cloak currently unavailable)
rCorr    .         Rampage  .   (gloves currently unavailable)
Will     .....                  (boots currently unavailable)
Stlth    +.........             (no amulet)
HPRegen  0.20/turn              (no ring)
MPRegen  0.12/turn              (no ring)

@: about to teleport, spider-form
A: tiny, (breathe noxious fumes), unfitting armour, AC +6
a: End Transformation, Renounce Religion, Heroism


You were on level 5 of the Dungeon.
You worshipped Okawaru.
Okawaru was pleased with you.
You were a venomous arachnid creature.
You visited 1 branch of the dungeon, and saw 5 of its levels.

You collected 268 gold pieces.

Inventory:

Missiles
 c - 155 stones
 h - a throwing net
 k - 53 sling bullets
 p - 6 poisoned darts (quivered)
Armour
 j - a +0 cloak (melded)
 l - a +0 kite shield
 n - a +0 pair of gloves
 o - a scarf of repulsion
 s - a +2 pair of gloves (melded)
Scrolls
 e - 4 scrolls of identify
 f - a scroll of teleportation
 i - a scroll of remove curse
 m - a scroll of blinking
 r - 2 scrolls of enchant weapon {unknown}
Potions
 a - 2 potions of ambrosia
 b - a potion of magic
 d - a potion of heal wounds
 g - 2 potions of curing
 q - 2 potions of might
 t - 2 potions of invisibility
 u - 2 potions of flight {unknown}


   Skills:
 - Level 5.0 Fighting
 - Level 1.7 Dodging
 - Level 5.0 Unarmed Combat
 - Level 2.0 Spellcasting
 + Level 4.7 Transmutations
 - Level 3.1 Poison Magic
 + Level 1.7 Invocations


You had 6 spell levels left.
You knew the following spells:

 Your Spells              Type           Power        Failure   Level
a - Beastly Appendage     Tmut           32%          11%         1
b - Spider Form           Tmut/Pois      7%           28%         3

Your spell library contained the following spells:

 Spells                   Type           Power        Failure   Level
 Wereblood                Tmut           16%          14%         2
 Ice Form                 Ice/Tmut       9%           80%         4
 Blade Hands              Tmut           8%           82%         5


Dungeon Overview and Level Annotations

Branches:
Dungeon (5/15)
 Temple: D:4-7

Altars:
Okawaru
Zin

Shops:
D:4 (

Annotations:
D:5 Prince Ribbit


Innate Abilities, Weirdness & Mutations

((You can breathe blasts of noxious fumes.))
((Your lurid green scales are hard. (AC +6)))
You cannot fit into any form of body armour.
((Your system is resistant to poisons. (rPois)))
((You are cold-blooded and may be slowed by cold attacks.))


Message History

Okawaru accepts your kill. The howler monkey misses you.
A white imp comes into view.
The orc closely misses you. The orc misses you. The howler monkey hits you.
* * * LOW HITPOINT WARNING * * *
Training target 5.0 for Fighting reached!
Your Fighting skill increases to level 5!
You barely miss the hound. The hound closely misses you.
A worker ant comes into view.
The hound completely misses you. The orc completely misses you.
A quokka comes into view.
The howler monkey closely misses you.
You hit the hound.
The hound is poisoned.
The hound is moderately wounded.
The orc completely misses you.
The hound stops to sniff the ground.
The hound bites you but does no damage. The white imp gestures at you.
The puff of frost hits you!
You die...

...# .....#
.....# # .....
####. ...
....##.######
#.)oo.....#
####..sh.....#
.5....h.[.....#
####........[.#
##..........#
#F..........#
r............#
.B...#.).†#####
...#.####.####
..# #....#


You could see Prince Ribbit, a howler monkey (poisoned), a hound (very
poisoned), a worker ant, a white imp, 2 orcs and a quokka.

Vanquished Creatures
  Sigmund (D:5)
  A sky beast (D:4)
  A scorpion (D:4)
  2 hounds (D:4)
  An orc wizard (D:3)
  An orc priest (D:5)
  3 worker ants
  9 adders
  4 gnolls
  5 worms
  A dart slug (D:1)
  2 leopard geckos
  18 orcs
  8 giant cockroaches
  8 goblins
  12 hobgoblins
  12 jackals
  3 quokkas
  8 bats
  6 frilled lizards
  A jackal skeleton (D:4)
  8 kobolds
  A quokka skeleton (D:4)
  12 rats
128 creatures vanquished.

Notes
Turn   | Place    | Note
-------+----------+-------------------------------------------
     0 | D:1      | oldmanjim the Draconian Transmuter began the quest for the
                  | Orb.
     0 | D:1      | Reached XP level 1. HP: 16/16 MP: 3/3
   205 | D:1      | Reached XP level 2. HP: 23/23 MP: 5/5
   676 | D:1      | You fall into a shaft and drop 1 floor!
   677 | D:2      | Found an iron altar of Okawaru.
  1157 | D:1      | Reached XP level 3. HP: 29/29 MP: 3/6
  2197 | D:1      | Reached XP level 4. HP: 34/37 MP: 5/7
  2716 | D:2      | Became a worshipper of Warmaster Okawaru
  3089 | D:2      | Learned a level 3 spell: Spider Form
  3097 | D:2      | Reached XP level 5. HP: 40/45 MP: 6/8
  4161 | D:3      | Found a glowing silver altar of Zin.
  4165 | D:3      | Reached skill level 1 in Poison Magic
  4356 | D:3      | Reached XP level 6. HP: 19/52 MP: 7/9
  5017 | D:4      | Reached * piety under Okawaru
  5152 | D:4      | Reached skill level 5 in Unarmed Combat
  5308 | D:4      | Found Athrostru's Weapon Shoppe.
  5333 | D:4      | Noticed a sky beast
  5349 | D:4      | Killed a sky beast
  5350 | D:4      | Your scales start taking on a lurid green colour.
  5350 | D:4      | Reached XP level 7. HP: 35/60 MP: 7/10
  5350 | D:4      | Gained mutation: Your system is resistant to poisons.
                  | (rPois) [Green Draconian growth]
  5802 | D:5      | Entered Level 5 of the Dungeon
  5817 | D:5      | Noticed Sigmund
  5818 | D:5      | Noticed Prince Ribbit
  5839 | D:5      | Killed Sigmund
  5840 | D:5      | Reached skill level 1 in Invocations
  6145 | D:5      | Reached ** piety under Okawaru
  6154 | D:5      | Reached skill level 5 in Fighting
  6155 | D:5      | Killed from afar by a white imp

Illustrated notes

Levels and vault maps discovered:
D:1:      tarquinn_simple_flora_water_d, layout_loops_corners, hex_tiny
D:2:      minmay_diamond_boxcup, layout_rooms, okawaru_trees_1
D:3:      layout_loops_cross, old_standard_altar
D:4:      layout_cave_pools, serial_shops, kennysheep_mini_moat
D:5:      layout_rooms, minmay_temple_entry_gardened_gates, serial_shops,
          shop_fountains, uniq_sigmund, uniq_prince_ribbit1

Skill      XL: |  1  2  3  4  5  6  7 |
---------------+----------------------+-----
Fighting       | 2 3 4 5 |  5.0
Transmutations | 3 4 |  4.7
Unarmed Combat | 4 5 |  5.0
Poison Magic   | 1 3 |  3.1
Invocations    | 1 |  1.7
Dodging        | |  1.7
Spellcasting   | |  2.0

Action                   |  1- 3 |  4- 6 |  7- 9 || total
-------------------------+-------+-------+-------++-------
Melee: Unarmed           |   173 |   270 |    34 ||   477
       Tailslap          |    14 |    16 |     2 ||    32
       Headbutt          |     7 |    17 |     1 ||    25
       Kick              |    15 |    20 |     4 ||    39
       Punch             |     1 |     2 |     1 ||     4
Throw: Boomerang         |    27 |     3 |       ||    30
       Stone             |       |    17 |       ||    17
       Dart              |       |    28 |       ||    28
 Cast: Beastly Appendage |    16 |    17 |     1 ||    34
       Spider Form       |       |     7 |     2 ||     9
 Abil: Breathe Noxious F |       |       |     1 ||     1
  Use: Scroll            |       |     8 |     3 ||    11
 Stab: Sleeping          |       |     1 |       ||     1
       Confused          |       |       |     1 ||     1
Armor: Skin              |    58 |    81 |     6 ||   145
Dodge: Dodged            |   123 |   202 |    41 ||   366
